 Dungeon Crawl Stone Soup version 0.30.0-29-ga12c61a403 (webtiles) character file.

Game seed: 7107171931771480229

266 McKennaii the Trooper (level 6, 48/48 HPs)
             Began as a Demonspawn Fighter on June 5, 2023.
             Quit the game on level 3 of the Dungeon.
             The game lasted 00:01:48 (1449 turns).

McKennaii the Trooper (Demonspawn Fighter)          Turns: 1449, Time: 00:01:49

Health: 48/48      AC:  9    Str: 18    XL:     6   Next: 0%
Magic:  6/6        EV:  9    Int:  9    God:
Gold:   91         SH:  5    Dex: 13    Spells: 5/5 levels left

rFire   . . .        a - +0 trident
rCold   . . .        c - +0 buckler
rNeg    . . .        b - +0 scale mail
rPois   .            (no helmet)
rElec   .            (no cloak)
rCorr   .            g - +1 pair of gloves
SInv    .            (no boots)
Will    .....        (no amulet) Stlth
                     (no ring)
HPRegen 0.28/turn    (no ring)
MPRegen 0.10/turn

%: no passive effects
@: no status effects
A: demonic guardian 2, demonic magic 1, demonic touch 1
a: no special abilities


You were on level 3 of the Dungeon.
You visited 1 branch of the dungeon, and saw 3 of its levels.

You collected 91 gold pieces.

Inventory:

Hand Weapons
 a - a +0 trident (weapon)
Armour
 b - a +0 scale mail (worn)
 c - a +0 buckler (worn)
 g - a +1 pair of gloves (worn)
Scrolls
 i - a scroll of poison {unknown}
 k - a scroll of acquirement {unknown}
Potions
 d - a potion of might
 e - a potion of flight {unknown}
 f - a potion of attraction {unknown}
 h - 2 potions of curing {unknown}
 j - a potion of lignification {unknown}
 l - a potion of degeneration {unknown}
 m - 2 potions of ambrosia {unknown}


   Skills:
 + Level 4.2 Fighting
 + Level 3.2 Polearms
 + Level 3.8 Armour
 + Level 3.8 Shields


You had 5 spell levels left.
You didn't know any spells.
Your spell library was empty.

Dungeon Overview and Level Annotations

Branches:
Dungeon (3/15)

Altars:

Shops:
D:1 [


Innate Abilities, Weirdness & Mutations

A demonic guardian rushes to your aid.
Spells you cast may paralyse adjacent enemies.
Your touch may inflict minor irresistible damage on your foes.


Message History

An adder is nearby!
You puncture the adder!
The adder is severely wounded.
The adder bites you.
An adder is nearby!
You barely miss the adder.
The adder is severely wounded.
The adder bites you but does no damage. x2
You hit the adder.
You kill the adder!
No target in view!
You now have 91 gold pieces (gained 14).
A giant cockroach comes into view.
A giant cockroach is nearby!
A giant cockroach is nearby!
You hit the giant cockroach.
The giant cockroach is almost dead.
The giant cockroach closely misses you.
A giant cockroach is nearby!
You closely miss the giant cockroach.
The giant cockroach is almost dead.
The giant cockroach barely misses you. You block the giant cockroach's attack.
A giant cockroach is nearby!
You hit the giant cockroach.
The giant cockroach is almost dead.
The giant cockroach closely misses you.
You hit the giant cockroach.
You kill the giant cockroach!
A hobgoblin comes into view.
Found a stone staircase leading up and a stone staircase leading down.
The hobgoblin shouts!
A hobgoblin is nearby!
You barely miss the hobgoblin.
The hobgoblin hits you but does no damage.
You puncture the hobgoblin!
You kill the hobgoblin!
You have reached level 6!
Your demonic ancestry asserts itself...
Your hands begin to faintly glow with unholy energy.
Are you sure you want to abandon this character and quit the game? (Confirm with "yes".)

...... #.#### ##. ..#
#.. ##>. .# ##..# ...
.# #.... ..# ## ##
.....##.< # #. #.#.##..
# #.# #.#.##.#
#######.# #.#.##@#
........###.#....####
.†#<##...............#
.............#######...
###.###....#.# #
###.##...###.#
.............#
.......####..#
........# #..#


There were no monsters in sight!

Vanquished Creatures
  3 gnolls (D:3)
  An adder (D:3)
  2 dart slugs
  2 worms
  3 ball pythons
  3 endoplasms
  6 giant cockroaches
  4 goblins
  4 hobgoblins
  3 jackals (D:3)
  2 quokkas
  3 bats (D:1)
  A frilled lizard (D:2)
  4 kobolds
  6 rats
47 creatures vanquished.

Vanquished Creatures (collateral kills)
  Sigmund (D:2)
1 creature vanquished.

Grand Total: 48 creatures vanquished

Notes
Turn   | Place    | Note
-------+----------+-------------------------------------------
     0 | D:1      | McKennaii the Demonspawn Fighter began the quest for the
                  | Orb.
     0 | D:1      | Reached XP level 1. HP: 18/18 MP: 1/1
   149 | D:1      | Gained mutation: A weak demonic guardian rushes to your
                  | aid. [demonic ancestry]
   149 | D:1      | Reached XP level 2. HP: 24/24 MP: 2/2
   158 | D:1      | Found Qishef's Antique Armour Boutique.
   236 | D:1      | Found Otyafir's Vocational Training.
   606 | D:2      | Noticed Sigmund
   617 | D:2      | Killed Sigmund
   618 | D:2      | Reached skill level 4 in Fighting
   618 | D:2      | Gained mutation: Spells you cast may paralyse adjacent
                  | enemies. [demonic ancestry]
   618 | D:2      | Reached XP level 3. HP: 14/30 MP: 3/3
   618 | D:2      | Gained mutation: A demonic guardian rushes to your aid.
                  | [demonic ancestry]
   618 | D:2      | Reached XP level 4. HP: 17/37 MP: 4/4
   618 | D:2      | Reached XP level 5. HP: 19/42 MP: 5/5
  1449 | D:3      | Gained mutation: Your touch may inflict minor irresistible
                  | damage on your foes. [demonic ancestry]
  1449 | D:3      | Reached XP level 6. HP: 48/48 MP: 6/6
  1449 | D:3      | Quit the game

Illustrated notes

Levels and vault maps discovered:
D:1:      dpeg_arrival_simpleton_c, layout_basic, serial_shops,
          nicolae_shop_stone, nicolae_shop_vocational
D:2:      layout_loops_ring, uniq_sigmund
D:3:      layout_rooms, minmay_misc_feat_iff, minmay_mini_jars,
          uniq_crazy_yiuf_cottage

Skill      XL: |  1  2  3  4  5 |
---------------+----------------+-----
Polearms       | 2 3 |  3.2
Shields        | 3 |  3.8
Armour         | 3 |  3.8
Fighting       | 4 |  4.2

Action                     |  1- 3 |  4- 6 || total
---------------------------+-------+-------++-------
  Melee: Trident           |    91 |    77 ||   168
 Armour: Scale mail        |    40 |    33 ||    73
  Dodge: Dodged            |    25 |    33 ||    58
  Block: Buckler           |    19 |    17 ||    36
